 Dungeon Crawl Stone Soup version 0.29-a0-219-g0a02b1cf4f (webtiles) character file.

Game seed: 13810437373251785709

20496 jlumianski the Thaumaturge (level 12, -18/68 HPs)
             Began as a Demonspawn Fire Elementalist on Feb 25, 2022.
             Was a Priest of Hepliaklqana.
             Demolished by Saint Roka
             ... wielding a +0 glaive
              (26 damage)
             ... on level 2 of the Orcish Mines.
             The game lasted 01:56:10 (19686 turns).

jlumianski the Thaumaturge (DsFE)                  Turns: 19686, Time: 01:56:10

Health: -18/68     AC: 18    Str: 13    XL:     12   Next: 45%
Magic:  27/27      EV: 15    Int: 17    God:    Hepliaklqana [***...]
Gold:   1172       SH: 10    Dex: 22    Spells: 16/33 levels left

rFire   . . .      SeeInvis .   c - +3 hand axe (elec)
rCold   . . .      Faith    .   z - +0 buckler of Soft Contentment {Dex+2}
rNeg    . . .      Spirit   .   E - +3 leather armour
rPois   .          Reflect  .   A - +2 helmet
rElec   .          Harm     .   (no cloak)
rCorr   .          Rampage  .   V - +1 pair of gloves
Will    .....                   (no boots)
Stlth   +++.......              (no amulet)
HPRegen 0.21/turn               d - +6 ring of dexterity
MPRegen 0.20/turn               Q - +4 ring of protection

@: studying Throwing
A: reduced essence, molten scales 2, spiny 1, condensation shield, demonic touch
2, frail 1
a: Renounce Religion, Recall Ancestor, Ancestor Identity, Transference


You were on level 2 of the Orcish Mines.
You worshipped Hepliaklqana.
Hepliaklqana was most pleased with you.
You visited 3 branches of the dungeon, and saw 15 of its levels.
You also visited: Ossuary and Ice Cave.

You collected 1359 gold pieces.
You spent 187 gold pieces at shops.

Inventory:

Hand Weapons
 c - a +3 hand axe of electrocution (weapon)
 D - a +3 flail
 K - a +0 rapier of flaming
 L - a +1 vampiric trident
Missiles
 e - 26 poisoned darts
 m - 9 boomerangs (quivered)
 y - 2 throwing nets
 I - 2 silver javelins
 P - 5 curare-tipped darts
 S - 5 datura-tipped darts
Armour
 z - the +0 buckler of Soft Contentment (worn) {Dex+2}
   (You found it on level 11 of the Dungeon)

   Dex:       It affects your dexterity (+2).
 A - a +2 helmet (worn)
 E - a +3 leather armour (worn)
 V - a +1 pair of gloves (worn)
 X - a scarf of shadows
Jewellery
 d - a +6 ring of dexterity (left hand)
 i - a ring of willpower
 k - a ring of positive energy
 Q - a +4 ring of protection (right hand)
 Y - a ring of fire
Wands
 h - a wand of iceblast (9)
 o - a wand of digging (2)
 t - a wand of mindburst (13)
 R - a wand of paralysis (4)
 Z - a wand of flame (4)
Scrolls
 q - 2 scrolls of teleportation
 F - a scroll of magic mapping
 G - 3 scrolls of fog
 J - 2 scrolls of enchant weapon
 W - 2 scrolls of immolation {unknown}
Potions
 a - a potion of heal wounds
 f - a potion of lignification
 g - 3 potions of flight
 s - 3 potions of resistance
 u - a potion of haste
 v - 4 potions of curing
 U - a potion of brilliance {unknown}


   Skills:
 + Level 4.8 Fighting
 + Level 6.2 Axes
 + Level 2.2 Throwing
 + Level 4.0 Armour
 + Level 6.1 Dodging
 + Level 4.7 Stealth
 + Level 3.2 Shields
 + Level 0.2 Unarmed Combat
 + Level 11.0 Spellcasting
 + Level 3.9 Conjurations
 + Level 1.1 Hexes
 + Level 2.2 Summonings
 + Level 1.1 Necromancy
 + Level 9.8 Fire Magic
 + Level 0.1 Evocations


You had 16 spell levels left.
You knew the following spells:

 Your Spells              Type           Power      Damage    Failure   Level
a - Foxfire               Conj/Fire      100%       2x1d9     1%          1
b - Scorch                Fire           84%        2d9       1%          2
c - Ozocubu's Armour      Ice            9%         N/A       36%         3
d - Animate Skeleton      Necr           26%        N/A       9%          1
e - Inner Flame           Hex/Fire       28%        N/A       4%          3
f - Searing Ray           Conj           44%        2d6       3%          2
g - Summon Small Mammal   Summ           64%        N/A       5%          1
h - Flame Wave            Conj/Fire      32%        2d8       8%          4

Your spell library contained the following spells:

 Spells                   Type           Power      Damage    Failure   Level
 Magic Dart               Conj           88%        1d7       2%          1
 Conjure Flame            Conj/Fire      32%        6-21      2%          3
 Apportation              Tloc           18%        N/A       13%         1
 Beastly Appendage        Tmut           18%        N/A       13%         1
 Call Canine Familiar     Summ           16%        N/A       16%         3
 Wereblood                Tmut           9%         N/A       19%         2
 Portal Projectile        Hex/Tloc       22%        N/A       30%         3
 Frozen Ramparts          Ice            18%        1d3       36%         3
 Spider Form              Tmut/Pois      9%         N/A       36%         3
 Fulminant Prism          Conj/Hex       9%         3d7       41%         4
 Summon Ice Beast         Ice/Summ       13%        N/A       63%         4
 Leda's Liquefaction      Hex/Erth       5%         N/A       71%         4
 Ice Form                 Ice/Tmut       9%         N/A       77%         4
 Ozocubu's Refrigeration  Ice            4%         4d5       100%        7


Dungeon Overview and Level Annotations

Branches:
Dungeon (12/15)            Temple (1/1) D:7            Lair (0/6) D:11
    Orc (2/2) D:9             Elf (0/3) Orc:2       Ossuary (visited)
  IceCv (visited)

Altars:
Ashenzari
Cheibriados
Fedhas
Hepliaklqana
Kikubaaqudgha
Nemelex Xobeh
Trog
Uskayaw
Vehumet
Zin
The Shining One

Shops:
D:5 *   D:6 !*   Orc:1 =

Annotations:
D:8 3 runed translucent doors, spaghetti's ghost, novice DsHu
D:10 lordive's ghost, novice TrWr
Orc:2 Saint Roka


Innate Abilities, Weirdness & Mutations

Your life essence is reduced to manifest your ancestor. (-10% HP)
You are mostly covered in molten scales. (AC +3)
You are partially covered in sharp spines.
A meltable shield of frost defends you. (SH +4)
Your touch may inflict irresistible damage on your foes.
You are frail. (-10% HP)


Message History

The orc warrior shouts!
You hear a shout!
An orc and a warg come into view.
An orc comes into view. It is wielding a +0 vampiric hand axe.
You block the orc warrior's attack.
The orc shouts!
You hear a shout! x5
An orc comes into view. It is wielding a +0 dagger.
You block the orc warrior's attack.
An orc comes into view. It is wielding a +0 flail.
The orc throws a boomerang.
The boomerang hits you but does no damage.
The orc warrior shouts!
Inhapi hits the warg with a +0 flail!
Saint Roka roars a battlecry!
The orc goes into a battle-frenzy!
The orcs go into a battle-frenzy!
Inhapi closely misses the warg.
Inhapi blocks the orc's attack.
Inhapi hits the orc with a +0 flail.
The orc dies!
The orc sorcerer gestures wildly while chanting.
You block the orc warrior's attack.
The orc warrior hits you but does no damage.
The orc warrior closely misses you.
The warg pauses to sniff the ground.
The orc warrior hits you with a +0 long sword!!
The warg bites you. The orc warrior barely misses you.
The orc warrior no longer looks unusually strong.
Saint Roka calls down the wrath of Beogh upon you.
Beogh smites you!
* * * LOW HITPOINT WARNING * * *
You block the orc warrior's attack.
Inhapi blocks the orc's attack.
The orc warrior no longer looks unusually strong.
Inhapi barely misses the orc.
Saint Roka roars a battlecry!
The orc warrior goes into a battle-frenzy!
Items here: )) [ †.
The ynoxinul gestures.
Inhapi hits the orc with a +0 flail!
The orc dies!
Saint Roka hits you from afar with a +0 glaive!!
You die...

.. ............. ..
.....#..............
#.......#...............
##........................
.#....##....................
...............5..........o.
.............5..............
.............o.3..)........#
...........@ho.o..Ro........
........<....o##o....#......
..............o.........#...
...................#.......^
.........)........##..).....
.......).).......##.........
......))....................
............................
.................).....#....


You could see the friendly Inhapi the knight, Saint Roka, a ynoxinul (summoned),
a warg, an orc sorcerer (strong), 4 orc warriors and 2 ufetubi.

Vanquished Creatures
  A two-headed ogre (D:10)
  Sonja (Orc:1)
  A wolf spider zombie (D:10)
  2 cyclopes (D:12)
  2 orc sorcerers
  A manticore (D:6)
  A spectral centaur (D:10)
  A gargoyle (D:10)
  A freezing wraith (IceCv)
  An anaconda simulacrum (IceCv)
  3 trolls
  Prince Ribbit (D:7)
  A centaur simulacrum (D:10)
  A shadow (D:12)
  2 vampires (D:11)
  5 yaks
  A basilisk (D:10)
  4 vampire mosquitoes
  A death yak simulacrum (IceCv)
  Menkaure (D:4)
  3 water moccasins
  3 wargs (Orc:1)
  3 black bears
  10 orc warriors
  3 ice beasts
  A necrophage (D:7)
  2 sky beasts
  7 ogres
  3 centaurs
  A kobold brigand (D:9)
  A gnoll sergeant (D:11)
  4 bullfrogs
  2 scorpions
  6 water moccasin zombies (Ossuary)
  2 cane toad simulacra (IceCv)
  3 elephant simulacra (IceCv)
  3 water moccasin skeletons
  33 killer bees
  5 wights
  3 howler monkeys
  2 bullfrog zombies
  3 centaur zombies
  2 bullfrog skeletons
  2 centaur skeletons
  2 gnoll shamans
  2 hounds
  2 jellies (D:6)
  8 orc priests
  5 iguanas
  12 orc wizards
  4 spriggan simulacra
  2 troll simulacra
  A killer bee zombie (D:5)
  2 mummies (Ossuary)
  A howler monkey zombie (D:9)
  9 adders
  17 gnolls
  A shadow imp (D:8)
  5 white imps
  An adder skeleton (D:4)
  4 adder zombies (Ossuary)
  3 worms
  3 dart slugs
  33 orcs
  9 ball pythons
  5 endoplasms
  3 giant cockroaches
  3 hobgoblins
  4 jackals (D:1)
  6 quokkas
  10 bats
  6 frilled lizards
  5 goblins
  6 hobgoblin zombies (Ossuary)
  17 kobolds
  4 kobold zombies (Ossuary)
  4 orc zombies (Ossuary)
  3 rats (D:1)
341 creatures vanquished.

Vanquished Creatures (collateral kills)
  A hydra (D:11)
  2 boulder beetles (D:11)
  An orc sorcerer (Orc:1)
  A centaur zombie (D:10)
  A cane toad (shapeshifter) (D:11)
  2 yaks (D:10)
  2 vampire mosquitoes
  A warg (Orc:1)
  2 orc warriors
  A kobold brigand (D:11)
  2 two-headed ogre simulacra (IceCv)
  An elephant simulacrum (IceCv)
  A killer bee (D:10)
  A howler monkey (D:11)
  2 orc priests
  5 orc wizards
  A polar bear simulacrum (IceCv)
  2 gnolls
  10 orcs
  2 kobolds (D:9)
41 creatures vanquished.

Vanquished Creatures (others)
  A warg (Orc:1)
  7 knights
  364 foxfires
  5 fungi (D:6)
  3 toadstools (D:6)
380 creatures vanquished.

Grand Total: 762 creatures vanquished

Notes
Turn   | Place    | Note
-------+----------+-------------------------------------------
     0 | D:1      | jlumianski the Demonspawn Fire Elementalist began the quest
                  | for the Orb.
     0 | D:1      | Reached XP level 1. HP: 13/13 MP: 3/3
   351 | D:1      | Gained mutation: You are partially covered in sharp spines.
                  | [demonic ancestry]
   351 | D:1      | Reached XP level 2. HP: 19/19 MP: 0/5
   354 | D:1      | Learned a level 2 spell: Scorch
   800 | D:1      | Gained mutation: A meltable shield of frost defends you.
                  | (SH +4) [demonic ancestry]
   800 | D:1      | Reached XP level 3. HP: 23/24 MP: 6/6
  1163 | D:1      | Learned a level 3 spell: Ozocubu's Armour
  1817 | D:2      | Reached XP level 4. HP: 30/30 MP: 7/7
  2567 | D:3      | Reached XP level 5. HP: 10/35 MP: 3/8
  3236 | D:4      | Reached skill level 1 in Axes
  3296 | D:4      | Found a sand-covered staircase.
  3302 | Ossuary  | Entered an ossuary
  3345 | Ossuary  | Reached XP level 6. HP: 37/42 MP: 3/10
  3425 | Ossuary  | Reached skill level 1 in Armour
  3425 | Ossuary  | Reached skill level 3 in Spellcasting
  3671 | Ossuary  | Reached skill level 1 in Fighting
  3671 | Ossuary  | Reached skill level 1 in Shields
  3778 | Ossuary  | Gained mutation: You are partially covered in molten
                  | scales. (AC +2) [demonic ancestry]
  3778 | Ossuary  | Reached XP level 7. HP: 3/48 MP: 7/11
  4953 | D:4      | Noticed Menkaure
  4966 | D:4      | Killed Menkaure
  5239 | D:3      | Reached skill level 4 in Spellcasting
  5239 | D:3      | Gained mutation: You are mostly covered in molten scales.
                  | (AC +3) [demonic ancestry]
  5239 | D:3      | Reached XP level 8. HP: 51/57 MP: 11/14
  5665 | D:5      | Entered Level 5 of the Dungeon
  5680 | D:5      | Reached skill level 5 in Fire Magic
  5822 | D:5      | Reached skill level 1 in Throwing
  5968 | D:5      | Gained mutation: You are frail. (-10% HP) [potion of
                  | mutation]
  6044 | D:4      | Reached skill level 5 in Spellcasting
  6140 | D:5      | Reached XP level 9. HP: 43/56 MP: 10/16
  6822 | D:5      | Found Nuikop's Overcharged Wands.
  7263 | D:6      | Found Dar Jany's Assorted Antiques.
  7274 | D:6      | Bought a scroll of enchant weapon for 187 gold pieces
  7526 | D:6      | Found Varygoim's Distillery.
  8050 | D:6      | Found a snail-covered altar of Cheibriados.
  8102 | D:6      | Reached skill level 6 in Spellcasting
  8557 | D:6      | Reached skill level 5 in Axes
  8620 | D:6      | Learned a level 1 spell: Animate Skeleton
  8624 | D:6      | Learned a level 3 spell: Inner Flame
  8749 | D:6      | Noticed a manticore
  8752 | D:6      | Killed a manticore
  8753 | D:6      | Reached skill level 7 in Spellcasting
  8753 | D:6      | Gained mutation: Your touch may inflict minor irresistible
                  | damage on your foes. [demonic ancestry]
  8753 | D:6      | Reached XP level 10. HP: 34/63 MP: 13/20
  9744 | D:7      | Noticed Prince Ribbit
  9874 | D:7      | Killed Prince Ribbit
 10123 | D:7      | Found a staircase to the Ecumenical Temple.
 10147 | D:7      | Learned a level 2 spell: Searing Ray
 10150 | Temple   | Entered the Ecumenical Temple
 10202 | Temple   | Became a worshipper of Hepliaklqana the Forgotten
 10584 | D:8      | Found a runed translucent gate.
 10584 | D:8      | Found a runed translucent gate.
 10584 | D:8      | Found a runed translucent gate.
 10585 | D:8      | Noticed spaghetti's ghost (novice DsHu)
 11815 | D:9      | Found a staircase to the Orcish Mines.
 11841 | D:9      | Learned a level 1 spell: Summon Small Mammal
 11866 | D:9      | Reached * piety under Hepliaklqana
 11934 | D:9      | Reached skill level 8 in Spellcasting
 12517 | D:9      | HP: 2/56 [poisoned by a killer bee]
 13186 | D:10     | Entered Level 10 of the Dungeon
 13332 | D:10     | Reached ** piety under Hepliaklqana
 13333 | D:10     | Remembered your ancestor Inhapi as a knight
 13526 | D:10     | Noticed a two-headed ogre
 13542 | D:10     | Killed a two-headed ogre
 13543 | D:10     | Reached skill level 5 in Dodging
 13543 | D:10     | Gained mutation: Your touch may inflict irresistible damage
                  | on your foes. [demonic ancestry]
 13543 | D:10     | Reached XP level 11. HP: 30/60 MP: 12/23
 13711 | D:10     | Found a runed translucent gate.
 13712 | D:10     | Found a runed translucent gate.
 13724 | D:10     | Found a runed translucent gate.
 13841 | D:10     | Noticed lordive's ghost (novice TrWr)
 13966 | D:10     | Reached skill level 1 in Summonings
 14582 | D:10     | Reached skill level 9 in Spellcasting
 14770 | D:10     | Reached skill level 1 in Necromancy
 14895 | D:10     | Upgraded the game from 0.29-a0-214-g17f627cfee to
                  | 0.29-a0-219-g0a02b1cf4f
 14940 | D:11     | Found a frozen archway.
 14941 | D:11     | Noticed a boulder beetle
 14962 | D:11     | Killed a boulder beetle
 14983 | IceCv    | Entered an ice cave
 15559 | IceCv    | HP: 3/61 [entropy weaver simulacrum (27)]
 15875 | D:11     | Identified the +0 buckler of Soft Contentment {Dex+2}
 15897 | D:11     | Noticed a six-headed hydra
 15899 | D:11     | Noticed a boulder beetle
 15905 | D:11     | Killed a six-headed hydra
 15917 | D:11     | Reached skill level 10 in Spellcasting
 15932 | D:11     | Learned a level 4 spell: Flame Wave
 16095 | D:11     | Found a staircase to the Lair.
 16662 | D:11     | Killed a boulder beetle
 16663 | D:11     | Reached XP level 12. HP: 60/66 MP: 13/26
 17354 | D:12     | Noticed a two-headed ogre
 17380 | D:12     | Noticed a seven-headed hydra
 17425 | D:12     | HP: 1/67 [seven-headed hydra (9)]
 17591 | Orc:1    | Entered Level 1 of the Orcish Mines
 18029 | Orc:1    | Reached *** piety under Hepliaklqana
 18187 | Orc:1    | Found Hykh's Jewellery Shop.
 18327 | Orc:1    | Reached skill level 1 in Hexes
 18440 | Orc:2    | Entered Level 2 of the Orcish Mines
 18440 | Orc:2    | Noticed Saint Roka
 18440 | Orc:2    | Found a staircase to the Elven Halls.
 19216 | Orc:2    | Noticed Sonja
 19221 | Orc:1    | Killed Sonja
 19222 | Orc:1    | Reached skill level 11 in Spellcasting
 19686 | Orc:2    | Demolished by Saint Roka

Illustrated notes

Levels and vault maps discovered:
D:1:      amcnicky_arrival_flooded_fountain, layout_basic
D:2:      layout_basic, serial_curves, eino_curves_04, eino_curves_04,
          grunt_ministairs_13
D:3:      layout_basic, minmay_door_square, minmay_misc_feat_x,
          kennysheep_crisscross, minivault_27
D:4:      layout_loops_corners, zin_statuary, enter_ossuary_2, uniq_menkaure
D:5:      layout_rooms, nicolae_shop_overcharged_wands
D:6:      kennysheep_windowed_halls, layout_loops_ring, chei_slow_surprise,
          serial_shops, shop, nicolae_shop_crystal, minmay_gold_behind_fungi,
          minmay_stone_trees_small, eino_tiny_chamber
D:7:      layout_loops_ring, minmay_temple_entry_offerings, uniq_prince_ribbit1
D:8:      layout_layer_cave, ebering_ghost_rock_garden,
          chequers_serial_rivers_large_a, chequers_jeans
D:9:      nicolae_cairo_tiling_large, layout_irregular_city,
          palyth_stone_intersect
D:10:     layout_layer_cave, nicolae_overflow_crystal_walls,
          gammafunk_ghost_necromancy
D:11:     layout_cave_pools, lair_entry_dummy,
          portal_ice_cave_entry_ice_simulacra
D:12:     layout_basic, grunt_dithmenos_smoke_and_mirrors
Temple:   mainiacjoe_temple_bowtie_tessellation
Orc:1:    cheibrodos_orc_guarddog, layout_diamond_mine, serial_shops, shop
Orc:2:    st_orc_open, layout_caves, gauntlet_entry_generic, mines_bat_river,
          uniq_sonja, uniq_saint_roka, uniq_donald

Skill      XL: |  1  2  3  4  5  6  7  8  9 10 11 12 |
---------------+-------------------------------------+-----
Stealth        | 2 3 4 |  4.7
Dodging        | 2 3 4 5 6 |  6.1
Fire Magic     | 3 4 5 6 8 9 |  9.8
Conjurations   | 2 3 |  3.9
Axes           | 1 2 3 5 6 |  6.2
Armour         | 1 2 3 4 |  4.0
Spellcasting   | 3 4 5 7 8 10 11 | 11.0
Fighting       | 1 2 3 4 |  4.8
Shields        | 1 2 3 |  3.2
Throwing       | 1 2 |  2.2
Summonings     | 2 |  2.2
Necromancy     | 1 |  1.1
Hexes          | 1 |  1.1
Unarmed Combat | |  0.2
Evocations     | |  0.1

Action                   |  1- 3 |  4- 6 |  7- 9 | 10-12 || total
-------------------------+-------+-------+-------+-------++-------
Melee: Unarmed           |     6 |       |       |       ||     6
       Hand axe          |    34 |    60 |    95 |   230 ||   419
       Punch             |     1 |     1 |       |       ||     2
       Touch             |       |       |       |     8 ||     8
Throw: Dart              |       |       |    10 |     1 ||    11
       Boomerang         |       |       |       |     8 ||     8
 Cast: Foxfire           |    24 |    33 |    71 |    76 ||   204
       Scorch            |     5 |     9 |    67 |   116 ||   197
       Inner Flame       |       |       |     2 |    11 ||    13
       Animate Skeleton  |       |       |     1 |    11 ||    12
       Summon Small Mamm |       |       |       |    14 ||    14
       Searing Ray       |       |       |       |     2 ||     2
       Flame Wave        |       |       |       |    11 ||    11
Invok: Ancestor Life: Kn |       |       |       |     1 ||     1
       Ancestor Identity |       |       |       |     1 ||     1
       Recall Ancestor   |       |       |       |     4 ||     4
Evoke: Wand              |       |       |       |     2 ||     2
  Use: Potion            |     1 |       |     2 |     6 ||     9
       Scroll            |       |     1 |    16 |     7 ||    24
 Stab: Sleeping          |     1 |     3 |     3 |     1 ||     8
       Distracted        |       |       |     1 |     3 ||     4
Armor: Robe              |    10 |     3 |       |       ||    13
       Leather armour    |       |    11 |    61 |   165 ||   237
Dodge: Dodged            |    33 |    42 |    84 |   301 ||   460
Block: Other             |     3 |    21 |    25 |     7 ||    56
       Orb               |       |       |       |    39 ||    39
       Buckler           |       |       |       |   102 ||   102

Table legend: (Time is in decaauts)
 A = Elapsed time spent in this place.
 B = Non-inter-level travel time spent in this place.
 C = Inter-level travel time spent in this place.
 D = Time resting spent in this place.
 E = Time spent auto-exploring this place.
 F = Levels seen in this place.
 G = Mean time per level.
                   A        B        C        D        E       F      G
               +--------+--------+--------+--------+--------+-----+--------+
         Total |  19873 |  19505 |    368 |   4062 |  10713 |  17 | 1169.0 |
       Dungeon |  16097 |  15730 |    367 |   2175 |   9939 |  12 | 1341.4 |
        Temple |     85 |     85 |      0 |      0 |     39 |   1 |   85.0 |
  Orcish Mines |   2102 |   2102 |      0 |    930 |    604 |   2 | 1051.0 |
       Ossuary |    962 |    962 |      0 |    558 |    124 |   1 |  962.0 |
      Ice Cave |    625 |    625 |      0 |    399 |      7 |   1 |  625.0 |
               +--------+--------+--------+--------+--------+-----+--------+

Top non-repeatable levels by time:
     D:6: 2248 daAuts
    D:10: 2210 daAuts
   Orc:1: 1872 daAuts
     D:4: 1727 daAuts
     D:9: 1432 daAuts
     D:3: 1296 daAuts
     D:1: 1204 daAuts
     D:5: 1187 daAuts
     D:7: 1184 daAuts
     D:8: 1132 daAuts
    D:11: 1078 daAuts
 Ossuary: 962 daAuts
     D:2: 852 daAuts
   IceCv: 625 daAuts
    D:12: 540 daAuts
